Map: Ancient Cistern LE

Players

Obvi - Winner!

  • Race: Zerg Zerg
  • League: Diamond
  • Spawn Location: 7:00

Shen

  • Race: Terran Terran
  • League: Diamond
  • Spawn Location: 1:00

VOD

Have the link to the VOD?

Description

Time

  • Played on: March 30, 2023, 2:04 p.m.
  • Length: 17:15
Show
View Real Time Build Order
Export as new Build Order

Obvi Zerg - Winner!

Build Orders: Hatch First 

Get SALT Encoding   

  12  0:00  Drone  
  13  0:13  Overlord  
  13  0:17  Drone  
  14  0:31  Drone x2  
  16  0:48  Hatchery  
  15  0:51  Drone  
  15  0:55  Drone  
  17  0:58  Drone  
  18  1:09  Extractor  
  17  1:13  Spawning Pool  
  17  1:16  Drone  
  17  1:19  Drone  
  18  1:29  Drone  
  19  1:39  Drone  
  20  1:54  Overlord  
  20  2:00  Queen x2  
  24  2:02  Zergling x4  
  26  2:19  Metabolic Boost  
  26  2:24  Overlord  
  26  2:32  Hatchery  
  26  2:34  Drone x2  
  27  2:41  Drone  
  28  2:45  Drone x2  
  28  2:46  Drone  
  28  2:49  Drone  
  32  2:56  Drone  
  33  3:00  Drone  
  33  3:03  Queen  
  36  3:07  Overlord  
  35  3:27  Drone x7  
  42  3:37  Drone  
  43  3:48  Queen  
  45  3:51  Lair  
  45  3:56  Zergling x8  
  45  3:59  Overlord x2  
  49  4:05  Overlord  
  49  4:09  Baneling Nest  
  48  4:14  Drone x2, Evolution Chamber  
  49  4:17  Queen  
  49  4:23  Queen  
  54  4:24  Drone x7  
  54  4:31  Drone x5  
  65  4:41  Drone x3  
  68  4:51  Drone  
  68  4:52  Drone x4  
  73  4:55  Spore Crawler  
  73  4:58  Overseer  
  72  5:01  Spore Crawler  
  72  5:02  Queen  
  73  5:08  Extractor  
  73  5:09  Queen  
  73  5:10  Extractor  
  73  5:13  Hydralisk Den  
  72  5:15  Extractor, Queen  
  72  5:19  Overlord x3  
  73  5:35  Extractor  
  72  5:36  Drone x2, Extractor  
  72  5:42  Zerg Melee Weapons Level 1  
  73  5:45  Drone x8  
  73  5:47  Drone  
  73  5:48  Drone x2  
  73  5:49  Drone x3  
  87  5:58  Drone x8  
  95  6:13  Drone x2  
  97  6:20  Drone x2  
  96  6:30  Drone x2  
  97  6:33  Overlord x7  
  96  6:51  Spire  
  96  6:52  Hatchery  
  94  6:56  Lurker Den  
  94  6:58  Infestation Pit  
  92  7:04  Zergling x2  
  92  7:05  Zergling x12, Hatchery  
  98  7:19  Zergling x4  
  91  7:23  Zergling x6  
  91  7:27  Zergling x8  
  95  7:41  Drone  
  95  7:42  Drone x2  
  95  7:43  Drone x3  
  101  7:53  Hatchery x2  
  101  7:56  Drone  
  100  8:00  Zergling x2  
  100  8:01  Zergling x12  
  100  8:04  Baneling x8  
  107  8:09  Hive  
  107  8:11  Extractor  
  107  8:12  Extractor, Grooved Spines  
  105  8:16  Zerg Melee Weapons Level 2  
  105  8:22  Evolution Chamber  
  105  8:27  Drone x4  
  106  8:28  Zergling x18  
  106  8:30  Zergling x6  
  120  8:37  Drone x2  
  120  8:39  Drone x2  
  120  8:41  Drone x2  
  125  8:42  Drone, Hatchery  
  125  8:47  Drone  
  125  8:48  Drone  
  128  8:49  Drone  
  128  8:51  Baneling x6  
  128  8:53  Zergling x8  
  133  8:57  Baneling x13  
  133  9:24  Muscular Augments  
  133  9:29  Drone  
  133  9:30  Drone x9  
  143  9:49  Extractor  
  143  9:50  Zerg Missile Weapons Level 1  
  142  9:54  Extractor  
  142  9:55  Greater Spire  
  142  9:56  Zergling x8  
  142  9:57  Hydralisk x13, Zergling x12  
  142  9:59  Zergling x2  
  178  10:01  Overlord x4  
  178  10:11  Overlord  
  178  10:15  Spore Crawler  
  178  10:17  Spine Crawler  
  178  10:18  Spine Crawler  
  178  10:20  Spine Crawler  
  178  10:21  Spore Crawler, Spine Crawler  
  172  10:23  Spine Crawler  
  172  10:24  Zergling x2  
  172  10:25  Zergling x30  
  187  10:29  Spine Crawler  
  186  10:43  Zergling x2  
  186  10:44  Zergling x26  
  186  10:45  Baneling  
  186  10:46  Baneling x19  
  186  10:49  Overseer  
  166  11:09  Zergling x10  
  166  11:10  Zergling x12  
  156  11:11  Zergling x8  
  156  11:14  Zergling x14  
  156  11:22  Zergling x2  
  156  11:23  Zergling x4  
  156  11:25  Zergling x2  
  152  11:28  Zergling x6  
  140  11:33  Zergling x6  
  140  11:35  Zergling x4  
  140  11:36  Zergling x4  
  146  11:45  Zergling x10  
  147  11:54  Zergling x10  
  146  11:58  Zergling x8  
  118  12:15  Zergling x2  
  118  12:16  Zergling x18  
  119  12:27  Baneling x15  
  119  12:30  Zerg Melee Weapons Level 3, Zerg Missile Weapons Level 2  
  119  12:31  Adrenal Glands  
  119  12:35  Zerg Flyer Armor Level 1  
  118  12:42  Baneling x6  
  118  12:45  Zergling x26  
  118  12:46  Zergling x16  
  118  12:47  Zergling x2  
  118  12:48  Zergling x2  
  118  12:50  Zergling x8  
  144  13:19  Zergling x22  
  153  13:20  Zergling x32  
  155  13:32  Zergling x28  
  166  13:37  Zergling x2  
  166  13:38  Zergling x10  
  162  13:41  Zergling x2  
  162  13:42  Zergling x8  
  162  13:43  Zergling x4  
  162  13:46  Zergling x2  
  149  13:50  Hydralisk  
  149  13:51  Hydralisk x5  
  149  13:52  Baneling x13  
  149  13:53  Baneling x3  
  149  13:55  Zergling x16  
  161  14:17  Baneling x11  
  161  14:18  Hatchery  
  161  14:20  Hatchery  
  161  14:21  Zergling x10  
  162  14:25  Hydralisk x2  
  153  14:42  Zergling x28  
  131  14:50  Zergling x2  
  131  14:51  Zergling x14  
  133  14:53  Zergling x4  
  133  14:56  Hydralisk  
  135  15:04  Hydralisk x3  
  135  15:05  Zergling x4  
  141  15:36  Zergling x2  
  141  15:37  Zergling x38  
  145  15:57  Drone x9  
  145  15:59  Spore Crawler  
  145  16:00  Corruptor x5  
  161  16:20  Zergling x2  
  161  16:21  Zergling x20  
  161  16:23  Baneling x2  
  161  16:24  Baneling x16  
  166  16:45  Zergling x2  
  166  16:46  Zergling x10  
Show
View Real Time Build Order
Export as new Build Order

Shen Terran 

Build Orders: Mech 

Get SALT Encoding   

  12  0:00  SCV  
  13  0:13  Supply Depot  
  13  0:18  SCV  
  14  0:30  SCV  
  15  0:35  Barracks  
  15  0:42  SCV  
  16  0:54  SCV  
  17  1:06  SCV  
  18  1:22  Orbital Command  
  18  1:30  Command Center  
  18  1:32  Marine  
  19  1:38  Refinery  
  19  1:43  Supply Depot  
  19  1:48  SCV  
  19  1:50  Marine  
  21  2:00  SCV  
  22  2:11  Marine  
  22  2:13  SCV  
  23  2:27  Command Center  
  23  2:31  Marine  
  23  2:32  SCV  
  25  2:41  Orbital Command  
  25  2:44  SCV  
  25  2:48  Bunker  
  25  2:51  Marine  
  27  2:58  Factory  
  27  3:01  SCV  
  28  3:07  SCV  
  29  3:13  SCV  
  29  3:14  Barracks Tech Lab  
  29  3:17  Barracks  
  30  3:22  SCV  
  30  3:25  SCV  
  32  3:34  SCV  
  32  3:35  Refinery  
  32  3:39  SCV  
  32  3:41  SCV, Barracks  
  35  3:46  Starport  
  35  3:48  SCV, Factory Tech Lab  
  36  3:50  Marine  
  36  3:51  SCV  
  36  3:53  Refinery  
  38  4:01  SCV  
  38  4:02  SCV  
  40  4:08  Stimpack  
  40  4:09  Marine x2  
  42  4:11  SCV  
  42  4:13  SCV  
  44  4:20  Engineering Bay  
  44  4:24  SCV, Engineering Bay  
  44  4:26  Marine  
  44  4:27  Medivac  
  44  4:29  Marine  
  44  4:30  Marine  
  50  4:32  SCV  
  50  4:34  SCV  
  52  4:44  Marine  
  53  4:46  SCV x2  
  53  4:47  SCV  
  53  4:48  Armory  
  53  4:51  Refinery  
  56  4:55  Supply Depot  
  56  4:57  Supply Depot  
  56  4:58  SCV  
  56  4:59  SCV, Marine  
  58  5:01  Marine  
  58  5:03  Terran Infantry Weapons Level 1  
  60  5:07  Terran Infantry Armor Level 1  
  60  5:16  Marine  
  60  5:17  Marine  
  60  5:18  SCV x3  
  65  5:28  Supply Depot  
  65  5:30  SCV x2, Supply Depot  
  65  5:34  Starport Reactor  
  67  5:35  Barracks  
  67  5:38  Siege Tank  
  70  5:44  SCV  
  71  5:52  Barracks Reactor  
  71  5:53  Barracks Tech Lab  
  71  5:54  Terran Vehicle Weapons Level 1  
  71  5:59  Planetary Fortress  
  62  6:21  Marine x2  
  62  6:23  Marine  
  65  6:29  SCV x2  
  66  6:39  Marine x2  
  68  6:41  SCV x2, Marine  
  68  6:45  Marine x2  
  73  6:53  SCV x2  
  73  6:54  Siege Tank  
  78  6:56  Marine  
  78  6:57  Marine  
  78  6:59  Marine  
  78  7:01  Terran Infantry Weapons Level 2, Terran Infantry Armor Level 2, Barracks  
  81  7:02  Barracks  
  81  7:03  Marine  
  81  7:04  Factory  
  81  7:06  Factory  
  82  7:15  Marauder  
  78  7:31  Missile Turret  
  78  7:33  Missile Turret  
  78  7:34  Marine x4, Missile Turret  
  78  7:36  Marine, Missile Turret  
  79  7:38  Missile Turret x2  
  79  7:41  Missile Turret  
  79  7:44  Missile Turret  
  79  7:52  Marine x4  
  79  7:54  Terran Vehicle Weapons Level 2, Marine  
  79  7:58  Missile Turret x2  
  84  8:02  Armory, Factory Tech Lab x2  
  84  8:03  Armory  
  84  8:05  Barracks Tech Lab, Missile Turret  
  84  8:06  Barracks Reactor  
  84  8:07  Concussive Shells, Combat Shield  
  84  8:09  Marine  
  84  8:10  SCV x2, Marine  
  88  8:15  Refinery  
  88  8:16  Refinery, Siege Tank  
  91  8:24  SCV x2  
  93  8:27  Bunker  
  93  8:32  Supply Depot  
  93  8:33  Supply Depot  
  93  8:35  Supply Depot  
  93  8:37  Supply Depot  
  93  8:54  SCV x3, Thor  
  102  9:04  Command Center  
  102  9:06  SCV  
  103  9:13  Starport Reactor  
  103  9:20  Siege Tank x2  
  103  9:21  Starport  
  109  9:25  SCV x3  
  112  9:32  Command Center  
  112  9:33  Supply Depot x2  
  112  9:35  Supply Depot  
  112  9:37  SCV  
  112  9:38  Supply Depot  
  113  9:41  Siege Tank  
  116  9:47  Terran Infantry Weapons Level 3  
  116  9:52  Siege Tank x2  
  122  9:55  Terran Infantry Armor Level 3  
  122  9:58  Marine  
  122  9:59  Marine x5, Marauder  
  130  10:15  SCV x3  
  130  10:18  Command Center  
  133  10:22  Siege Tank  
  133  10:23  Starport Reactor  
  133  10:25  Medivac x2  
  133  10:27  SCV  
  141  10:31  Supply Depot  
  141  10:32  Supply Depot x2  
  139  10:46  Siege Tank  
  142  10:55  Command Center, Medivac x2  
  126  11:04  Marine x3  
  126  11:05  Marine, Marauder x3  
  111  11:14  Siege Tank  
  111  11:17  Marine  
  111  11:18  Siege Tank x2  
  109  11:22  Marine x2  
  102  11:26  Marauder x2  
  92  11:46  Siege Tank  
  76  11:50  Siege Tank x2  
  78  11:57  Planetary Fortress  
  78  12:00  SCV x2  
  79  12:04  Marine  
  79  12:05  Marine x4, Marauder x3  
  85  12:12  SCV  
  75  12:22  Marine  
  74  12:23  SCV  
  74  12:24  SCV  
  74  12:26  Marauder x3  
  83  12:32  Planetary Fortress  
  83  12:34  SCV  
  83  12:35  SCV  
  83  12:36  SCV  
  86  12:46  SCV  
  86  12:47  SCV  
  86  12:48  SCV  
  86  12:50  Siege Tank  
  92  12:52  Refinery  
  92  12:53  Terran Vehicle Weapons Level 3  
  92  12:58  SCV  
  93  13:01  SCV x2  
  93  13:03  Refinery  
  95  13:07  Refinery  
  95  13:10  SCV  
  96  13:13  SCV  
  96  13:18  Medivac x2  
  96  13:19  Medivac  
  103  13:23  SCV x2  
  103  13:25  SCV, Marine x3  
  103  13:26  Marine x5  
  100  13:35  SCV  
  92  13:52  Marine x5, Marauder x2  
  92  13:53  Siege Tank, Marauder  
  106  13:57  SCV x3  
  109  14:04  Siege Tank  
  109  14:09  SCV  
  113  14:13  Marauder  
  113  14:14  Marauder x2  
  119  14:18  Siege Tank  
  120  14:38  Marine x2  
  120  14:39  Marine x5, Marauder  
  80  14:56  Marine x3  
  80  14:57  Marine x2, Marauder  
  80  14:58  SCV x2, Marauder  
  82  15:00  Marauder  
  82  15:02  SCV  
  85  15:10  SCV x2  
  87  15:14  SCV, Marine x4  
  92  15:29  Command Center, Marine x3, Marauder  
  92  15:32  Marine  
  79  16:19  Marine x2  
  79  16:20  Marine x2, Siege Tank, Marauder x3  
  79  16:21  Siege Tank x2  
  98  16:28  Marine  
  98  16:31  Barracks  
  98  16:32  Factory  
  98  16:37  Marine  
  89  16:41  Marauder x2  
  89  16:42  Marauder  
  76  16:56  Marine x3  
Tags
 
Composition
Mech
Matchup
TvZ
Spawn Locations
Cross Positions
Add a new tag
Caveats
  • Supply blocks, unpowered buildings, or Contaminate may cause inaccurate times.
  • Supply counts are checked every 10 seconds.